 Dungeon Crawl Stone Soup version 0.20.1-1-g8b1a95d (webtiles) character file.

31 polve the Chopper (level 3, -2/27 HPs)
             Began as a Demonspawn Gladiator on July 7, 2017.
             Slain by an adder (5 damage)
             ... on level 2 of the Dungeon.
             The game lasted 00:01:31 (1093 turns).

polve the Chopper (Demonspawn Gladiator)            Turns: 1093, Time: 00:01:32

Health: -2/27      AC:  4    Str: 20    XL:     3   Next: 7%
Magic:  3/3        EV: 13    Int:  9    God:
Gold:   15         SH:  0    Dex: 16    Spells: 2/2 levels left

rFire    . . .     SeeInvis .   a - +0 war axe
rCold    . . .     Gourm    .   (no shield)
rNeg     . . .     Faith    .   b - +0 leather armour
rPois    .         Spirit   .   c - +0 helmet
rElec    .         Reflect  .   (no cloak)
rCorr    .         Harm     .   (no gloves)
MR       .....                  (no boots)
Stlth    ++........             (no amulet)
Regen    0.1/turn               (no ring)
MPRegen  0.1/turn               (no ring)

@: mighty, lethally poisoned (-2 -> -7)
A: thin skeletal structure 1, rot immunity
a: no special abilities


You were on level 2 of the Dungeon.
You were hungry.

You visited 1 branch of the dungeon, and saw 2 of its levels.

You collected 15 gold pieces.

Inventory:

Hand Weapons
 a - a +0 war axe (weapon)
Missiles
 d - 3 throwing nets (quivered)
Armour
 b - a +0 leather armour (worn)
 c - a +0 helmet (worn)
 n - a +0 pair of gloves
Scrolls
 e - 2 scrolls of noise {unknown}
 h - a scroll of remove curse {unknown}
 j - a scroll of immolation {unknown}
 k - 2 scrolls of fog {unknown}
 l - 2 scrolls of recharging {unknown}
 m - a scroll of teleportation {unknown}
 q - a scroll of identify {unknown}
Potions
 o - a potion of might
 p - a potion of flight {unknown}
 r - a potion of curing {unknown}
Comestibles
 f - a bread ration
 g - a meat ration


   Skills:
 - Level 2.0 Fighting
 + Level 3.8 Axes
 - Level 1.7 Throwing
 - Level 2.6 Dodging


You had 2 spell levels left.
You didn't know any spells.

Dungeon Overview and Level Annotations

Branches:
Dungeon (2/15)

Altars:


Innate Abilities, Weirdness & Mutations

You have a somewhat thin skeletal structure. (Dex +2, Stealth)
You are immune to rotting.


Message History

* * * LOW HITPOINT WARNING * * *
You miss the kobold. You miss the adder. You slash the worm!
You kill the worm!
You have reached level 3!
Your experience leads to an increase in your attributes!
Your base attributes are Str 14, Int 9, Dex 14.
Increase (S)trength, (I)ntelligence, or (D)exterity?
You feel stronger.
Your demonic ancestry asserts itself...
Your bones become slightly less dense.
You feel sick. The kobold hits you with a club.
* * * LOW HITPOINT WARNING * * *
The adder closely misses you. x2; The adder barely misses you.
The hobgoblin zaps a wand.
Some rock shatters into small pieces.
It is a wand of digging (?/24).
You slash the adder!
The adder is severely wounded.
You hit the kobold. You barely miss the adder. You hit the adder.
* * * LOW HITPOINT WARNING * * *
You feel sick. The adder bites you but does no damage. The adder bites you.
You die...

.>.#.....
...!....#### #
...........# .
?..........#.#
...........#.#
.............#
$....gSKS...#
#.@S..#
##.<..# #....#
#...## #†##.
#.# #. #.# #.
^.# ## ..#


You could see 3 adders, a hobgoblin and a kobold.

Vanquished Creatures
  A worm (D:2)
  2 dart slugs
  2 leopard geckos (D:1)
  3 bats (D:1)
  A giant cockroach (D:1)
  5 goblins (D:1)
  A hobgoblin (D:1)
  2 kobolds (D:1)
  4 rats (D:1)
21 creatures vanquished.

Vanquished Creatures (others)
  A plant (D:1)
1 creature vanquished.

Grand Total: 22 creatures vanquished

Notes
Turn   | Place    | Note
-------+----------+-------------------------------------------
     0 | D:1      | polve the Demonspawn Gladiator began the quest for the Orb.
     0 | D:1      | Reached XP level 1. HP: 16/16 MP: 1/1
   324 | D:1      | Reached skill level 3 in Axes
   345 | D:1      | Gained mutation: You are immune to rotting. [demonic ancestry]
   345 | D:1      | Reached XP level 2. HP: 21/22 MP: 2/2
  1092 | D:2      | Gained mutation: You have a somewhat thin skeletal structure. (Dex +2, Stealth) [demonic ancestry]
  1092 | D:2      | Reached XP level 3. HP: 8/27 MP: 3/3
  1093 | D:2      | Slain by an adder

Skill      XL: |  1 |
---------------+----+-----
Axes           | 3 |  3.8
Fighting       | |  2.0
Throwing       | |  1.7
Dodging        | |  2.6

Action                   || total
-------------------------++-------
Melee: War axe           ||    46
  Use: Potion            ||     1
 Stab: Sleeping          ||     1
Armor: Leather armour    ||    18
Dodge: Dodged            ||    38
